 Dungeon Crawl Stone Soup version 0.24-a0-486-ged8816983f (webtiles) character file.

Game seed: 16339542314836690459

5884 KristoblXynda the Thaumaturge (level 10, -2/115 HPs)
             Began as a Purple Draconian Conjurer on July 9, 2019.
             Was a Follower of Vehumet.
             Hit by a large rock thrown by a cyclops (13 damage)
             ... on level 8 of the Dungeon.
             The game lasted 00:31:29 (12209 turns).

KristoblXynda the Thaumaturge (DrCj)               Turns: 12209, Time: 00:31:30

Health: -2/115     AC: 25    Str: 11    XL:     10   Next: 52%
Magic:  3/24       EV:  2    Int: 22    God:    Vehumet [*.....]
Gold:   319        SH:  0    Dex: 12    Spells: 17/29 levels left

rFire    . . .     SeeInvis .   C - +3 quarterstaff (chaos)
rCold    . . .     Gourm    .   (shield currently unavailable)
rNeg     + + +     Faith    .   (armour unavailable)
rPois    +         Spirit   .   (helmet currently unavailable)
rElec    .         Reflect  .   (cloak currently unavailable)
rCorr    .         Harm     .   (gloves currently unavailable)
MR       +....     NoTele   +   (boots currently unavailable)
Stlth    +++.......             (no amulet)
HPRegen  0.29/turn              v - ring of wizardry
MPRegen  0.19/turn              r - +4 ring of intelligence

@: lethally poisoned (-2 -> -3), tree-form, slowed, very slow
A: (breathe power), unfitting armour, AC +7
a: Renounce Religion


You were on level 8 of the Dungeon.
You worshipped Vehumet.
Vehumet was aware of your devotion.
You were hungry.
You were a tree.
You visited 2 branches of the dungeon, and saw 9 of its levels.
You also visited: Sewer.

You collected 319 gold pieces.

Inventory:

Hand Weapons
 C - a +3 quarterstaff of chaos (weapon)
 D - a +2 whip of flaming
Missiles
 e - 4 throwing nets (quivered)
Armour
 d - a +1 pair of gloves (melded)
 q - a +1 hat (melded)
 u - a +0 pair of boots (melded)
 E - a +1 cloak (melded)
Jewellery
 r - a +4 ring of intelligence (right branch)
 v - a ring of wizardry (left branch)
 w - an uncursed ring of stealth
 A - an uncursed ring of flight
Wands
 a - a wand of iceblast (6)
 o - a wand of acid (9)
Scrolls
 j - a scroll of blinking
 k - a scroll of identify
 t - a scroll of enchant armour
 x - 2 scrolls of teleportation
 y - a scroll of remove curse
 z - a scroll of magic mapping
Potions
 c - a potion of invisibility
 f - a potion of ambrosia
 g - 2 potions of haste
 h - a potion of heal wounds
 i - a potion of cancellation
 m - 7 potions of curing
 n - a potion of magic
 p - 3 potions of brilliance
 s - 3 potions of might
 B - 4 potions of resistance
Comestibles
 b - 12 rations
 F - 7 chunks of flesh


   Skills:
 - Level 3.2 Fighting
 + Level 3.5 Staves
 - Level 2.1 Dodging
 - Level 5.7 Stealth
 - Level 1.2 Unarmed Combat
 + Level 10.2 Spellcasting
 + Level 10.0 Conjurations
 - Level 5.5 Evocations


You had 17 spell levels left.
You knew the following spells:

 Your Spells              Type           Power        Failure   Level  Hunger
a - Magic Dart            Conj           ####         1%          1    None
b - Dazzling Spray        Conj/Hex       ####..       1%          3    None
c - Iskenderun's Mystic   Conj           ######..     1%          4    ##.....
d - Fulminant Prism       Conj/Hex       ####......   3%          4    ##.....

Your spell library contained the following spells:

 Spells                   Type           Power        Failure   Level  Hunger
 Flame Tongue             Conj/Fire      ####.        1%          1    None
 Searing Ray              Conj           ######       1%          2    None
 Force Lance              Conj/Tloc      ####....     3%          4    ##.....


Dungeon Overview and Level Annotations

Branches:
Dungeon (8/15)             Temple (1/1) D:7
   Lair: D:8-11

Altars:
Ashenzari
Cheibriados
Dithmenos
Elyvilon
Fedhas
Gozag
Hepliaklqana
Kikubaaqudgha
Makhleb
Nemelex Xobeh
Okawaru
Qazlal
Ru
Sif Muna
Trog
Uskayaw
Vehumet
Wu Jian
Xom
Yredelemnul
Zin
The Shining One

Shops:
D:6 (

Annotations:
D:2 Robin


Innate Abilities, Weirdness & Mutations

((You can breathe bolts of dispelling energy.))
((Your rich purple scales are hard. (AC +7)))
You cannot fit into any form of body armour.
((You are cold-blooded and may be slowed by cold attacks.))


Message History

The meliai invokes the aid of its god against you.
Something smites you!
* * * LOW HITPOINT WARNING * * *
Cornered, the cyclops turns to fight!
Something hits you!
* * * LOW HITPOINT WARNING * * *
Something drains your vigour!
You feel as though you will be slow longer.
You feel much better.
You feel sick. The meliai completely misses you. The meliai stings you.
* * * LOW HITPOINT WARNING * * *
The cyclops throws a large rock.
The large rock hits you but does no damage.
The meliai hits you but does no damage. The meliai stings you.
* * * LOW HITPOINT WARNING * * *
Cornered, the orc turns to fight!
Something hits you.
* * * LOW HITPOINT WARNING * * *
Something drains your vigour!
You feel as though you will be slow longer.
The cyclops throws a large rock.
The large rock hits you!
You die...

##.#### #†...# #####
#...## #).o# ##..## ...
##.#..# ...####..###.#
######'##....## #.#
...#[.(#...####.## ####
...#...'.♣.####..# #.#
...#C.}#y{.##....###.#
##+#######'##.........#
#...#...#...#......##.##
#...'...'...#......###.#
#...#.(.#...#......#####
######'######.......###
#.....(# #..#.........#
#.....## #..##.......##


You could see a cyclops, a meliai and an orc.

Vanquished Creatures
  Harold (D:7)
  Pikel (D:7)
  A cyclops (D:8)
  A meliai (D:8)
  Prince Ribbit (D:8)
  A spriggan (D:7)
  Edmund (D:5)
  3 slaves (D:7)
  An orc warrior (D:7)
  4 sky beasts
  3 ice beasts
  A black bear (D:6)
  4 phantoms
  3 ogres
  2 centaurs
  A big kobold (D:2)
  Blork the orc (D:6)
  4 bullfrogs
  A water moccasin zombie (D:8)
  A wyvern skeleton (D:7)
  5 scorpions
  6 killer bees (D:8)
  2 howler monkeys
  4 crimson imps
  A quasit (D:7)
  2 hounds
  2 jellies (D:7)
  Crazy Yiuf (D:7)
  2 orc priests (D:4)
  An orc wizard (D:4)
  An iguana (D:6)
  Ijyb (D:3)
  10 worker ants
  2 hound skeletons
  A worker ant zombie (D:7)
  4 gnolls (D:8)
  10 adders
  2 howler monkey skeletons
  2 river rats (D:6)
  3 shadow imps
  An adder zombie (D:5)
  2 adder skeletons
  6 worms
  A dart slug (D:3)
  4 leopard geckos
  16 orcs
  4 ball pythons
  5 bats
  6 giant cockroaches
  9 goblins
  7 hobgoblins
  16 jackals
  4 quokkas
  A ball python skeleton (D:4)
  10 frilled lizards
  16 kobolds
  A leopard gecko skeleton (D:6)
  A quokka zombie (D:6)
  9 rats
  A fulminant prism (D:7)
  A plant (Sewer)
219 creatures vanquished.

Vanquished Creatures (others)
  18 fulminant prisms
18 creatures vanquished.

Grand Total: 237 creatures vanquished

Notes
Turn   | Place    | Note
-------+----------+-------------------------------------------
     0 | D:1      | KristoblXynda the Draconian Conjurer began the quest for
                  | the Orb.
     0 | D:1      | Reached XP level 1. HP: 14/14 MP: 3/3
   271 | D:1      | Reached XP level 2. HP: 14/20 MP: 0/5
  1077 | D:2      | Reached skill level 1 in Unarmed Combat
  1184 | D:2      | Reached XP level 3. HP: 25/26 MP: 0/6
  1606 | D:2      | Noticed a big kobold
  1630 | D:2      | Noticed Robin
  1635 | D:2      | Killed a big kobold
  1635 | D:2      | Reached XP level 4. HP: 22/33 MP: 1/8
  1666 | D:2      | Reached XP level 5. HP: 23/38 MP: 1/9
  2188 | D:3      | Reached skill level 5 in Conjurations
  2652 | D:3      | Noticed Ijyb
  2665 | D:3      | Killed Ijyb
  3159 | D:4      | Learned a level 3 spell: Dazzling Spray
  3215 | D:4      | Reached XP level 6. HP: 39/45 MP: 4/11
  4006 | D:4      | Your scales start taking on a rich purple colour.
  4006 | D:4      | Reached skill level 5 in Spellcasting
  4006 | D:4      | Reached XP level 7. HP: 50/50 MP: 10/14
  4555 | D:5      | Entered Level 5 of the Dungeon
  5112 | D:5      | Reached skill level 5 in Stealth
  5146 | D:5      | Noticed Edmund
  5178 | D:5      | Killed Edmund
  5178 | D:5      | Reached XP level 8. HP: 31/57 MP: 4/17
  5340 | D:5      | Learned a level 4 spell: Iskenderun's Mystic Blast
  6124 | D:6      | Found a glowing drain.
  6142 | Sewer    | Entered a sewer
  6301 | Sewer    | Reached skill level 1 in Evocations
  7061 | D:6      | Found a shattered altar of Ashenzari.
  7792 | D:6      | Found Ajeph's Weapon Emporium.
  7911 | D:6      | Noticed Blork the orc
  7920 | D:6      | Killed Blork the orc
  7920 | D:6      | Reached XP level 9. HP: 47/62 MP: 2/20
  8386 | D:7      | Found an ornate altar of the Wu Jian Council.
  8685 | D:7      | Found a staircase to the Ecumenical Temple.
  8697 | Temple   | Entered the Ecumenical Temple
  8734 | Temple   | Became a worshipper of Vehumet
  8761 | Temple   | Learned a level 4 spell: Fulminant Prism
  9087 | D:7      | Noticed Pikel
  9631 | D:7      | Killed Pikel
  9631 | D:7      | Reached skill level 5 in Evocations
 10029 | D:7      | Noticed Harold
 10047 | D:7      | Killed Harold
 10404 | D:7      | Reached XP level 10. HP: 31/77 MP: 15/23
 10739 | D:7      | Found a runed translucent door.
 10740 | D:7      | Noticed Crazy Yiuf
 10772 | D:7      | Killed Crazy Yiuf
 10995 | D:8      | Noticed Prince Ribbit
 11008 | D:8      | Killed Prince Ribbit
 11008 | D:8      | Reached skill level 1 in Staves
 11017 | D:8      | Reached * piety under Vehumet
 11017 | D:8      | Offered knowledge of Flame Tongue by Vehumet.
 12023 | D:8      | Noticed a cyclops
 12037 | D:8      | Killed a cyclops
 12037 | D:8      | Reached skill level 10 in Spellcasting
 12172 | D:8      | Noticed a cyclops
 12180 | D:8      | Reached skill level 10 in Conjurations
 12209 | D:8      | Hit by a large rock thrown by a cyclops

Levels and vault maps discovered:
D:1:      scummos_arrival_checkerplants, layout_rooms
D:2:      layout_rooms, uniq_robin
D:3:      layout_loops_ring, uniq_ijyb
D:4:      layout_gridville
D:5:      layout_rooms, serial_rivers, chequers_serial_rivers_micro_a,
          chequers_serial_rivers_large_a, chequers_serial_rivers_micro_d,
          chequers_serial_rivers_small_3, chequers_serial_rivers_micro_b,
          chequers_serial_rivers_large_b, first_ration, uniq_edmund
D:6:      layout_loops_corners, gup_sewer_entry_bubbles, serial_shops,
          nicolae_shop_trees, nicolae_ashenzari_panopticon, uniq_blork_the_orc
D:7:      layout_layer_cave, kennysheep_mini, minmay_temple_entry_waves,
          the_bakery, hangedman_decor_growths, uniq_harold,
          uniq_crazy_yiuf_cottage, uniq_pikel
D:8:      layout_layer_cave, minmay_evil_grid, uniq_prince_ribbit1
Temple:   nicolae_temple_the_god_donut

Skill      XL: |  1  2  3  4  5  6  7  8  9 10 |
---------------+-------------------------------+-----
Dodging        | 2 |  2.1
Unarmed Combat | 1 |  1.2
Stealth        | 2 3 4 5 |  5.7
Spellcasting   | 3 5 6 7 9 10 | 10.2
Conjurations   | 5 6 7 9 10 | 10.0
Evocations     | 3 5 |  5.5
Fighting       | 3 |  3.2
Staves         | 3 |  3.5

Action                   |  1- 3 |  4- 6 |  7- 9 | 10-12 || total
-------------------------+-------+-------+-------+-------++-------
Melee: Unarmed           |    90 |       |       |       ||    90
       Tailslap          |     7 |     3 |    33 |     8 ||    51
       Quarterstaff      |    12 |    43 |   152 |    76 ||   283
       Whip              |       |       |    26 |     3 ||    29
 Cast: Magic Dart        |    65 |   135 |   319 |    41 ||   560
       Dazzling Spray    |       |       |    13 |    32 ||    45
       Iskenderun's Myst |       |       |     4 |     5 ||     9
       Fulminant Prism   |       |       |    13 |     6 ||    19
 Abil: Breathe Dispellin |       |       |    11 |     1 ||    12
  Use: Scroll            |       |    12 |    10 |     2 ||    24
       Potion            |       |       |     1 |     5 ||     6
 Stab: Sleeping          |     1 |       |     1 |     1 ||     3
       Invisible         |       |       |     3 |     3 ||     6
       Paralysed         |       |       |       |     2 ||     2
  Eat: Chunk             |     3 |     8 |    11 |     1 ||    23
       Ration            |       |       |     4 |     1 ||     5
Armor: Skin              |    36 |    36 |   112 |    78 ||   262
Dodge: Dodged            |    97 |    49 |   164 |    72 ||   382

Table legend:
 A = Non-vault XP
 B = Vault XP
 C = Vault XP percentage of total XP
 D = Non-vault monster count
 E = Vault monster count
 F = Vault count percentage of total count
                 A         B        C        D         E       F
            +---------+---------+-------+---------+---------+-------
      Total |    4745 |    3661 |  43.6 |     167 |      47 |  22.0
            +---------+---------+-------+---------+---------+-------
        D:1 |      26 |       0 |   0.0 |      18 |       0 |   0.0
        D:2 |     187 |      16 |   7.9 |      22 |       8 |  26.7
        D:3 |      36 |      36 |  50.0 |      18 |       1 |   5.3
        D:4 |     580 |       0 |   0.0 |      20 |       0 |   0.0
        D:5 |     688 |     169 |  19.7 |      24 |       1 |   4.0
        D:6 |     929 |     135 |  12.7 |      16 |       7 |  30.4
        D:7 |    1030 |    1887 |  64.7 |      24 |       4 |  14.3
        D:8 |    1269 |    1368 |  51.9 |      25 |       6 |  19.4
      Sewer |       0 |      50 | 100.0 |       0 |      20 | 100.0
            +---------+---------+-------+---------+---------+-------
